 Dungeon Crawl Stone Soup version 0.24-a0-446-g87df720 (webtiles) character file.

Game seed: 83183971724975732

17839 Atlas the Geomancer (level 12, 0/95 HPs)
             Began as a Grey Draconian Earth Elementalist on June 23, 2019.
             Was an Elder of Vehumet.
             Engulfed by a blizzard demon's freezing vapour (6 damage)
             ... in a Gauntlet.
             The game lasted 00:32:12 (18498 turns).

Atlas the Geomancer (DrEE)                         Turns: 18498, Time: 00:32:12

Health: 0/95       AC: 23    Str:  9    XL:     12   Next: 22%
Magic:  21/21      EV: 16    Int: 21    God:    Vehumet [****..]
Gold:   791        SH:  4    Dex: 11    Spells: 12/26 levels left

rFire    + . .     SeeInvis .   x - +1 scimitar (flame)
rCold    + . .     Gourm    .   w - +0 buckler
rNeg     . . .     Faith    .   (armour unavailable)
rPois    +         Spirit   .   (helmet restricted)
rElec    +         Reflect  .   k - +0 cloak
rCorr    +         Harm     .   A - +2 pair of gloves
MR       .....     NoTele   +   g - +1 pair of boots
Stlth    +++.......             (no amulet)
HPRegen  0.25/turn              E - +4 ring of protection
MPRegen  0.17/turn              F - ring of wizardry

@: resistant, very slightly contaminated
A: walk through water, unfitting armour, low mp 1, mutation resistance 1, weak
1, unbreathing, cold-blooded, AC +13
a: Renounce Religion


You were in a Gauntlet.
You worshipped Vehumet.
Vehumet was greatly pleased with you.
You were not hungry.

You visited 2 branches of the dungeon, and saw 16 of its levels.
You also visited: Sewer and Gauntlet.

You collected 791 gold pieces.

Inventory:

Hand Weapons
 u - the +5 mace of Vanity {distort, rN+ Str+4 Int-4, unknown}
   (You found it in a Gauntlet)

   It warps and distorts space around it.
   Unwielding it can cause banishment or high damage.
   It affects your strength (+4).
   It affects your intelligence (-4).
   It protects you from negative energy.
 x - a +1 scimitar of flaming (weapon)
Missiles
 f - 192 stones (quivered)
Armour
 g - a +1 pair of boots (worn)
 k - a +0 cloak (worn)
 w - a +0 buckler (worn)
 A - a +2 pair of gloves (worn)
Jewellery
 h - a +3 ring of protection
 p - an uncursed ring of fire
 s - an uncursed ring of poison resistance
 v - an uncursed ring of wizardry
 y - the ring of Guhu {rPois rC+ Dex+4 Slay+2 SInv, unknown}
   (You found it in a Gauntlet)

   [ring of protection from cold]

   It affects your dexterity (+4).
   It affects your accuracy and damage with ranged weapons and melee attacks
   (+2).
   It protects you from cold.
   It protects you from poison.
   It lets you see invisible.
 B - a +4 ring of dexterity
 E - a +4 ring of protection (left hand)
 F - a ring of wizardry (right hand)
 H - an uncursed amulet of guardian spirit
 O - an uncursed ring of protection from fire
Wands
 N - a wand of flame (17)
Scrolls
 a - a scroll of enchant armour
 b - a scroll of magic mapping
 d - 9 scrolls of teleportation
 j - 9 scrolls of remove curse
 n - a scroll of fog {unknown}
 o - a scroll of random uselessness
 q - a scroll of fear
 t - 3 scrolls of amnesia
 z - 2 scrolls of immolation
 C - a scroll of holy word {unknown}
 G - a scroll of summoning {unknown}
 I - 3 scrolls of enchant weapon {unknown}
 M - a scroll of noise {unknown}
Potions
 e - 2 potions of might
 i - 4 potions of curing
 l - 3 potions of haste
 m - 4 potions of flight
 r - a potion of brilliance
 D - 2 potions of invisibility
 K - a potion of ambrosia
 Q - a potion of agility
Comestibles
 c - 24 rations


   Skills:
 + Level 5.9 Fighting
   Level 8.9(9.1) Short Blades
 + Level 2.9(6.3) Long Blades
   Level 0.1 Staves
 + Level 8.6 Dodging
 + Level 4.8 Stealth
 - Level 4.1 Shields
 + Level 3.7 Unarmed Combat
 + Level 7.9 Spellcasting
 + Level 4.8 Conjurations
 + Level 1.0 Transmutations
 + Level 9.9 Earth Magic
 + Level 1.3 Evocations


You had 12 spell levels left.
You knew the following spells:

 Your Spells              Type           Power        Failure   Level  Hunger
a - Sandblast             Erth           ######       1%          1    None
b - Passwall              Tmut/Erth      ####....     1%          2    None
c - Stone Arrow           Conj/Erth      #####.       1%          3    None
d - Lee's Rapid Deconstr  Erth           ######....   1%          5    #####..
e - Mephitic Cloud        Conj/Pois/Air  ###.....     1%          3    None

Your spell library contained the following spells:

 Spells                   Type           Power        Failure   Level  Hunger
 Bolt of Magma            Conj/Fire/Erth ####......   3%          5    #####..
 Magic Dart               Conj           ####         1%          1    None
 Shock                    Conj/Air       ###.         1%          1    None
 Conjure Flame            Conj/Fire      ###.....     1%          3    None
 Static Discharge         Conj/Air       ###.....     1%          3    None
 Petrify                  Tmut/Erth      ####....     3%          4    ###....
 Blink                    Tloc           N/A          4%          2    None
 Call Imp                 Summ           #.......     4%          2    None
 Slow                     Hex            #.......     4%          2    None
 Swiftness                Chrm/Air       #.......     4%          2    None
 Airstrike                Air            #.........   10%         4    ###....
 Lightning Bolt           Conj/Air       ###.......   10%         5    #####..


Dungeon Overview and Level Annotations

Branches:
Dungeon (15/15)            Temple (1/1) D:7            Lair (0/6) D:10
    Orc (0/2) D:9
 Vaults: D:13-14     Depths: D:15

Altars:
Cheibriados
Dithmenos
Fedhas
Hepliaklqana
Kikubaaqudgha
Makhleb
Nemelex Xobeh
Okawaru
Qazlal
Ru
Sif Muna
Trog
Uskayaw
Vehumet
Wu Jian
Xom
Zin
The Shining One

Shops:
D:10 [

Portals:
Trove: D:10 (give +4 fire dragon scales)

Annotations:
D:6 3 runed translucent doors, Mangosteen's ghost, novice HOFi Gauntlet 6 transporters


Innate Abilities, Weirdness & Mutations

You can walk through water.
Your dull iron-grey scales are very hard. (AC +13)
You cannot fit into any form of body armour.
You can survive without breathing.
You are cold-blooded and may be slowed by cold attacks.
Your magical capacity is low. (-10% MP)
You are somewhat resistant to further mutation.
You are weak. (Str -2)


Message History

You barely miss the white imp.
The white imp is heavily wounded.
You are engulfed in freezing vapours.
You resist.
* * * LOW HITPOINT WARNING * * *
The white imp misses you.
The blizzard demon is engulfed in freezing vapours.
The blizzard demon barely misses you. The blizzard demon hits you!
* * * LOW HITPOINT WARNING * * *
Unknown command.
The white imp is engulfed in freezing vapours.
The white imp closely misses you.
The blizzard demon is engulfed in freezing vapours.
The blizzard demon gestures at you. The freezing blast engulfs you. You resist.
* * * LOW HITPOINT WARNING * * *
Unknown command.
You hit the white imp but do no damage.
The white imp is severely wounded.
You are engulfed in freezing vapours.
You resist.
You die...

###..#.≈.≈≈≈.≈.#...#..s###...#..#
#8#..#..≈...≈≈.#...#.###...#.#..#
###..#.≈.≈.4.≈.#...#^#^..###.#..#
#..#.≈..©4≈..#...#...=©)!.^#..#
###..###########...###########..#
#8#.............................#
###§............≈∩≈............≈#
###############################
#8# #≈..○°○5@§☼○.....≈# #8# ###
#8.8.8°°2°§☼.8§8.8# ###
#≈..○○°.°☼☼§§....≈#
###.#°#######.#.### #.#☼. ..#.# #


You could see a blizzard demon, 2 ice devils and a white imp.

Vanquished Creatures
  A death ooze (Gauntlet)
  A centaur warrior (D:13)
  2 two-headed ogres
  Urug (D:12)
  An unseen horror (D:10)
  An ugly thing (D:11)
  2 cyclopes
  Psyche (D:9)
  Joseph (D:7)
  A gargoyle (D:10)
  A queen bee (D:11)
  A hornet (D:10)
  A merfolk (D:9)
  Prince Ribbit (D:5)
  2 hippogriffs
  6 slime creatures (D:15)
  A wraith (D:15)
  15 yaks
  2 fire bats (Gauntlet)
  A hungry ghost (D:10)
  2 wargs (D:9)
  Duvessa (D:7)
  2 orc warriors
  4 ice beasts
  2 phantoms
  An eye of draining (D:12)
  2 black bears
  6 ogres
  7 centaurs
  2 crocodiles
  5 big kobolds
  5 bullfrogs
  Dowan (D:7)
  A scorpion (D:12)
  6 wights
  34 killer bees
  2 howler monkeys (D:8)
  2 bullfrog zombies
  2 centaur zombies
  6 crimson imps
  6 hounds
  A quasit (D:9)
  2 bullfrog skeletons
  4 orc priests
  Crazy Yiuf (D:7)
  3 jellies
  2 centaur skeletons
  2 iguanas
  11 orc wizards
  2 worker ants
  2 hound zombies (D:3)
  2 hound skeletons (D:10)
  3 worker ant zombies
  9 gnolls
  22 adders
  A river rat (D:4)
  3 oozes (Sewer)
  An adder zombie (D:9)
  3 adder skeletons
  6 worms
  6 dart slugs
  6 leopard geckos
  34 orcs
  16 giant cockroaches
  9 goblins
  9 hobgoblins
  7 jackals (D:1)
  4 quokkas
  5 ball pythons
  10 bats
  8 frilled lizards
  A jackal zombie (D:3)
  42 kobolds
  A quokka skeleton (D:3)
  16 rats
396 creatures vanquished.

Vanquished Creatures (others)
  A demonic plant (Gauntlet)
  4 toadstools (D:9)
5 creatures vanquished.

Grand Total: 401 creatures vanquished

Notes
Turn   | Place    | Note
-------+----------+-------------------------------------------
     0 | D:1      | Atlas the Draconian Earth Elementalist began the quest for
                  | the Orb.
     0 | D:1      | Reached XP level 1. HP: 14/14 MP: 3/3
    54 | D:1      | Reached XP level 2. HP: 11/20 MP: 1/5
   868 | D:1      | Reached XP level 3. HP: 26/26 MP: 6/6
   879 | D:1      | Learned a level 2 spell: Passwall
   883 | D:1      | Learned a level 3 spell: Stone Arrow
  1112 | D:1      | Reached skill level 1 in Unarmed Combat
  1811 | D:2      | Reached XP level 4. HP: 33/33 MP: 7/7
  1814 | D:2      | Reached skill level 4 in Earth Magic
  2278 | D:2      | Found a sacrificial altar of Ru.
  2303 | D:2      | Reached XP level 5. HP: 33/38 MP: 3/9
  3396 | D:3      | Reached XP level 6. HP: 38/45 MP: 7/10
  3418 | D:3      | Noticed an orc warrior
  3479 | D:3      | Learned a level 5 spell: Lee's Rapid Deconstruction
  3970 | D:3      | Reached skill level 1 in Fighting
  4305 | D:3      | Reached skill level 1 in Conjurations
  4649 | D:3      | Found a faded altar of an unknown god.
  5499 | D:4      | Found a glowing drain.
  5504 | Sewer    | Entered a sewer
  6083 | Sewer    | Your scales start taking on a dull iron-grey colour.
  6083 | Sewer    | Reached skill level 5 in Earth Magic
  6083 | Sewer    | Reached XP level 7. HP: 40/52 MP: 12/12
  6083 | Sewer    | Gained mutation: You can survive without breathing. [Grey
                  | Draconian growth]
  6698 | D:4      | Found a hide-covered altar of Uskayaw.
  6706 | D:4      | Reached skill level 1 in Short Blades
  7375 | D:5      | Entered Level 5 of the Dungeon
  7627 | D:5      | Found a stormy altar of Qazlal.
  7627 | D:5      | Noticed a water elemental
  7630 | D:5      | Noticed an air elemental
  7630 | D:5      | Noticed a fire elemental
  7673 | D:5      | Reached skill level 6 in Earth Magic
  7700 | D:5      | Reached XP level 8. HP: 54/61 MP: 13/13
  7844 | D:5      | Noticed Prince Ribbit
  8031 | D:5      | Found a glowing silver altar of Zin.
  8145 | D:5      | Killed Prince Ribbit
  8145 | D:5      | Reached skill level 1 in Shields
  8382 | D:5      | Found an iron altar of Okawaru.
  8382 | D:5      | Found a shadowy altar of Dithmenos.
  9188 | D:6      | Found an ancient bone altar of Kikubaaqudgha.
  9333 | D:6      | Found a stormy altar of Qazlal.
  9356 | D:6      | Found a runed translucent gate.
  9356 | D:6      | Noticed Mangosteen's ghost (novice HOFi)
  9357 | D:6      | Found a runed translucent gate.
  9358 | D:6      | Found a runed translucent gate.
  9388 | D:6      | Learned a level 3 spell: Mephitic Cloud
  9810 | D:7      | Found a staircase to the Ecumenical Temple.
  9822 | Temple   | Entered the Ecumenical Temple
  9837 | Temple   | Became a worshipper of Vehumet
  9880 | D:7      | Reached XP level 9. HP: 49/71 MP: 6/15
  9882 | D:7      | Reached skill level 5 in Dodging
 10169 | D:7      | Noticed Joseph
 10197 | D:7      | Killed Joseph
 10197 | D:7      | Reached skill level 5 in Short Blades
 10362 | D:7      | Reached skill level 7 in Earth Magic
 10492 | D:7      | Reached * piety under Vehumet
 10492 | D:7      | Offered knowledge of Freeze by Vehumet.
 10584 | D:7      | Noticed Dowan
 10585 | D:7      | Noticed Duvessa
 10590 | D:7      | Killed Dowan
 10608 | D:7      | Killed Duvessa
 10966 | D:7      | Found a runed translucent door.
 10967 | D:7      | Noticed Crazy Yiuf
 11167 | D:7      | Killed Crazy Yiuf
 11470 | D:8      | Reached skill level 5 in Spellcasting
 12059 | D:9      | Reached XP level 10. HP: 80/80 MP: 12/17
 12647 | D:9      | Noticed Psyche
 12680 | D:9      | Killed Psyche
 12685 | D:9      | Found a hazy altar of Hepliaklqana.
 12824 | D:9      | Found a staircase to the Orcish Mines.
 12934 | D:9      | Found a bloodstained altar of Trog.
 13102 | D:9      | Reached ** piety under Vehumet
 13107 | D:9      | Offered knowledge of Flame Tongue by Vehumet.
 13428 | D:10     | Entered Level 10 of the Dungeon
 13474 | D:10     | Found a portal to a secret trove of treasure.
 13604 | D:10     | Noticed a gargoyle
 13642 | D:10     | Reached skill level 5 in Fighting
 13642 | D:10     | Reached skill level 8 in Earth Magic
 13696 | D:10     | Killed a gargoyle
 13738 | D:10     | Offered knowledge of Throw Flame by Vehumet.
 13746 | D:10     | Noticed a two-headed ogre
 14439 | D:10     | Found Jink's Armour Shoppe.
 14471 | D:10     | Noticed a cyclops
 14716 | D:10     | Killed a two-headed ogre
 14716 | D:10     | Reached XP level 11. HP: 86/86 MP: 2/20
 14747 | D:10     | Killed an unseen horror
 14747 | D:10     | Reached *** piety under Vehumet
 14956 | D:10     | Found a glowing golden altar of the Shining One.
 14974 | D:10     | Found a staircase to the Lair.
 15147 | D:11     | Noticed a purple ugly thing
 15157 | D:11     | Killed a purple ugly thing
 15286 | D:11     | Noticed a two-headed ogre
 15316 | D:11     | Killed a two-headed ogre
 15316 | D:11     | Reached skill level 9 in Earth Magic
 15455 | D:11     | Offered knowledge of Throw Icicle by Vehumet.
 16196 | D:11     | Reached **** piety under Vehumet
 16201 | D:11     | Offered knowledge of Bolt of Magma by Vehumet.
 16563 | D:11     | Reached skill level 1 in Evocations
 16568 | D:11     | Found a shimmering altar of Xom.
 16795 | D:12     | Noticed Urug
 17024 | D:12     | Killed Urug
 17346 | D:12     | You fall into a shaft and drop 3 floors!
 17346 | D:15     | Entered Level 15 of the Dungeon
 17353 | D:15     | Noticed a white ugly thing
 17353 | D:15     | Noticed a white ugly thing
 17353 | D:15     | Noticed a white ugly thing
 17372 | D:15     | Found a shadowy altar of Dithmenos.
 17576 | D:15     | Reached skill level 1 in Long Blades
 17664 | D:15     | Reached XP level 12. HP: 77/95 MP: 16/23
 17743 | D:15     | Gained mutation: You are frail. (-10% HP) [potion of
                  | mutation]
 17743 | D:15     | Gained mutation: You can translocate small distances at
                  | will. [potion of mutation]
 17744 | D:15     | Lost mutation: You can translocate small distances at will.
                  | [potion of mutation]
 17744 | D:15     | Lost mutation: You are frail. (-10% HP) [potion of
                  | mutation]
 17744 | D:15     | Gained mutation: Your magical capacity is low. (-10% MP)
                  | [potion of mutation]
 17744 | D:15     | Gained mutation: You are weak. (Str -2) [potion of
                  | mutation]
 17744 | D:15     | Gained mutation: You are somewhat resistant to further
                  | mutation. [potion of mutation]
 17811 | D:15     | Noticed a centaur warrior
 17857 | D:13     | Found a gate leading to a gauntlet.
 17857 | D:13     | Noticed a centaur warrior
 17863 | D:13     | Noticed a centaur warrior
 17877 | D:13     | Killed a centaur warrior
 17882 | Gauntlet | Entered a Gauntlet
 17882 | Gauntlet | Found a transporter.
 17882 | Gauntlet | Found a transporter.
 18189 | Gauntlet | Found a transporter.
 18192 | Gauntlet | Found a transporter.
 18212 | Gauntlet | Noticed a death ooze
 18213 | Gauntlet | Found a transporter.
 18217 | Gauntlet | Found a transporter.
 18231 | Gauntlet | Noticed a blizzard demon
 18232 | Gauntlet | Found a transporter.
 18254 | Gauntlet | Found a transporter.
 18254 | Gauntlet | Noticed an entropy weaver
 18274 | Gauntlet | Found a transporter.
 18278 | Gauntlet | Found a transporter.
 18290 | Gauntlet | Found a transporter.
 18294 | Gauntlet | Found a transporter.
 18304 | Gauntlet | Identified the amulet of Yxkaa {+Rage MR+ Str+4 SInv}
 18402 | Gauntlet | Killed a death ooze
 18485 | Gauntlet | Got an iridescent mace
 18487 | Gauntlet | Got an ancient turquoise ring
 18498 | Gauntlet | Engulfed by a blizzard demon's freezing vapour

Levels and vault maps discovered:
D:1:      minmay_arrival_five_plusses, layout_basic
D:2:      minmay_roachtagon, layout_rooms, nicolae_ru_great_annihilating_truth
D:3:      layout_loops_ring, serial_undead, serial_undead_b, serial_undead_b,
          serial_undead_c, serial_undead_a, serial_undead_f, serial_undead_a,
          serial_undead_a, serial_undead_c, first_ration,
          chequers_ecumenical_altar_twisty, minmay_fractal_squares_diagonal_5
D:4:      layout_loops_cross, nicolae_overflow_crystal_walls,
          lightli_sewer_entry_pipes
D:5:      layout_basic, lemuel_doored_altar, gammafunk_temple_overflow_elements,
          nicolae_qazlal_style_of_elements, uniq_prince_ribbit1
D:6:      layout_rooms, lemuel_round_altar, kiku_gazebo_pond_becter,
          ebering_ghost_rock_garden
D:7:      layout_loops_ring, minmay_temple_entry_gardened_gates, uniq_duvessa,
          uniq_joseph, uniq_crazy_yiuf_cottage
D:8:      layout_basic
D:9:      layout_roguey, lemuel_crystal_altar, marbit_many_paths,
          minmay_orc_entry_guard_dogs, hangedman_fish_farm,
          minmay_gold_behind_fungi, uniq_psyche
D:10:     layout_rooms, lair_entry_dummy, serial_shops, shop,
          trove_entry_hex_spiral, basic_altar
D:11:     layout_roguey [special_room_bee], basic_altar
D:12:     wad_cavern_with_rooms, layout_basic, minmay_fractal_squares_5,
          uniq_urug, uniq_maurice
D:13:     layout_cave_pods, gauntlet_entry_generic, nrook_campfire, uniq_nessos
D:14:     layout_rooms, david_vaults_1, hangedman_glass_teeth, serial_shops,
          kennysheep_mini_moat, uniq_rupert
D:15:     gammafunk_enter_depths_forms, layout_loops_cross,
          gammafunk_ghost_smash, basic_altar
Temple:   cyrus_circular_temple
Gauntlet: gammafunk_gauntlet_hard_choice [gammafunk_gauntlet_arena_hedges,
          nicolae_gauntlet_arena_blocks, gammafunk_gauntlet_arena_grid,
          gammafunk_gauntlet_arena_mazey, nicolae_gauntlet_arena_grate_2,
          nicolae_gauntlet_arena_flowing_pool,
          nicolae_gauntlet_exit_dead_adventurers]

Skill      XL: |  1  2  3  4  5  6  7  8  9 10 11 12 |
---------------+-------------------------------------+-----
Dodging        | 2 3 4 5 7 8 |  8.6
Unarmed Combat | 1 2 3 |  3.7
Stealth        | 2 3 4 |  4.8
Earth Magic    | 4 5 6 7 8 9 |  9.9
Spellcasting   | 3 4 5 6 7 |  7.9
Fighting       | 1 2 3 4 5 |  5.9
Conjurations   | 1 2 3 4 |  4.8
Short Blades   | 2 4 6 8 |  8.9
Shields        | 1 3 4 |  4.1
Evocations     | 1 |  1.3
Long Blades    | 1 2 |  2.9
Staves         | |  0.1
Transmutations | |  1.0

Action                   |  1- 3 |  4- 6 |  7- 9 | 10-12 || total
-------------------------+-------+-------+-------+-------++-------
Melee: Unarmed           |   139 |   327 |       |       ||   466
       Tailslap          |    12 |    35 |    85 |    73 ||   205
       Short sword       |       |    31 |   749 |   615 ||  1395
       Punch             |       |     2 |       |       ||     2
       Staff             |       |     1 |       |       ||     1
       Scimitar          |       |       |       |    52 ||    52
 Cast: Sandblast         |    30 |    25 |     5 |       ||    60
       Stone Arrow       |    10 |    53 |    43 |    86 ||   192
       Lee's Rapid Decon |       |       |     4 |    31 ||    35
Evoke: Wand              |       |       |       |    15 ||    15
  Use: Scroll            |       |     7 |       |    16 ||    23
       Potion            |       |     1 |     2 |    12 ||    15
 Stab: Sleeping          |     2 |     4 |     8 |     3 ||    17
       Invisible         |       |     1 |       |     1 ||     2
       Paralysed         |       |     3 |       |     1 ||     4
       Distracted        |       |       |       |     1 ||     1
  Eat: Chunk             |     5 |    20 |    22 |    12 ||    59
       Ration            |       |       |     1 |     9 ||    10
Armor: Skin              |    65 |   152 |   289 |   248 ||   754
Dodge: Dodged            |   137 |   285 |   451 |   432 ||  1305
Block: Buckler           |       |       |   118 |   119 ||   237
       Rpst.: Scimitar   |       |       |       |    20 ||    20

Table legend:
 A = Non-vault XP
 B = Vault XP
 C = Vault XP percentage of total XP
 D = Non-vault monster count
 E = Vault monster count
 F = Vault count percentage of total count
                 A         B        C        D         E       F
            +---------+---------+-------+---------+---------+-------
      Total |   18860 |    6625 |  26.0 |     296 |     100 |  25.3
            +---------+---------+-------+---------+---------+-------
        D:1 |      97 |       0 |   0.0 |      39 |       0 |   0.0
        D:2 |     107 |      70 |  39.5 |      22 |      14 |  38.9
        D:3 |      60 |     130 |  68.4 |      25 |      11 |  30.6
        D:4 |     430 |     115 |  21.1 |      21 |      11 |  34.4
        D:5 |     496 |     268 |  35.1 |      13 |       1 |   7.1
        D:6 |     771 |       0 |   0.0 |      21 |       0 |   0.0
        D:7 |     922 |     659 |  41.7 |      23 |       4 |  14.8
        D:8 |    1256 |       0 |   0.0 |      24 |       0 |   0.0
        D:9 |     643 |    1070 |  62.5 |      14 |       5 |  26.3
       D:10 |    5867 |       0 |   0.0 |      41 |       0 |   0.0
       D:11 |    4235 |    1862 |  30.5 |      33 |      26 |  44.1
       D:12 |     443 |     843 |  65.6 |       4 |       1 |  20.0
       D:13 |    1622 |       0 |   0.0 |       7 |       0 |   0.0
       D:14 |     121 |       0 |   0.0 |       2 |       0 |   0.0
       D:15 |    1790 |       0 |   0.0 |       7 |       0 |   0.0
      Sewer |       0 |     143 | 100.0 |       0 |      24 | 100.0
   Gauntlet |       0 |    1465 | 100.0 |       0 |       3 | 100.0
            +---------+---------+-------+---------+---------+-------
